 Dungeon Crawl Stone Soup version 0.31-a0-538-gbc85326fa9 (webtiles) character file.

Game seed: 3784848888583426922

151 Arcadio the Shooter (level 5, 0/42 HPs)
             Began as a Formicid Hunter on Aug 13, 2023.
             Was a Follower of Nemelex Xobeh.
             Slain by an orc
             ... wielding a +0 club
              (1 damage)
             ... on level 3 of the Dungeon.
             The game lasted 00:07:25 (2295 turns).

Arcadio the Shooter (Formicid Hunter)               Turns: 2295, Time: 00:07:25

Health: 0/42       AC:  3    Str: 16    XL:     5   Next: 60%
Magic:  5/5        EV: 12    Int:  8    God:    Nemelex Xobeh [*.....]
Gold:   142        SH:  0    Dex: 19    Spells: 4/4 levels left

rFire   . . .        b - +0 short sword
rCold   . . .        (no shield)
rNeg    . . .        c - +0 leather armour
rPois   .            (helmet unavailable)
rElec   .            (cloak currently unavailable)
rCorr   .            (gloves currently unavailable)
SInv    +            (boots currently unavailable)
Will    .....        (no amulet)
Stlth   ++           (no ring)
HPRegen 0.27/turn    (no ring)
MPRegen 0.09/turn

%: no passive effects
@: beast-form
A: beast (slay +0), permanent stasis, dig shafts and tunnels, antennae 3, four
strong arms
a: Dig, Shaft Self, Begin Untransformation, Renounce Religion, Draw Escape, Draw
Destruction, Draw Summoning


You were on level 3 of the Dungeon.
You worshipped Nemelex Xobeh.
Nemelex Xobeh was aware of your devotion.
You were a hulking beast.
You visited 1 branch of the dungeon, and saw 3 of its levels.

You collected 142 gold pieces.

Inventory:

Hand Weapons
 a - a +0 shortbow
 b - a +0 short sword (weapon)
 h - a +0 dagger
 k - a +0 hand axe
Missiles
 j - a throwing net
Armour
 c - a +0 leather armour (worn)
 g - a +0 buckler
 m - a +0 chain mail
 o - a +0 pair of gloves
Talismans
 f - a beast talisman (active)
Scrolls
 d - 2 scrolls of fear
 i - a scroll of butterflies
 l - a scroll of immolation {unknown}
 p - a scroll of poison {unknown}
 r - a scroll of identify
Potions
 e - a potion of curing
 n - a potion of enlightenment


   Skills:
 + Level 3.9 Fighting
 + Level 4.9 Ranged Weapons
 + Level 2.2 Armour
 - Level 2.2 Dodging
 - Level 1.2 Stealth


You had 4 spell levels left.
You didn't know any spells.
Your spell library contained the following spells:

 Spells                   Type           Power      Damage    Failure   Level
 Manifold Assault         Tloc           0%         N/A       99%         4
 Blink                    Tloc           Unusable   N/A       N/A         2

Dungeon Overview and Level Annotations

Branches:
Dungeon (3/15) Zot: 15668

Altars:
Elyvilon
Nemelex Xobeh
Trog

Shops:
D:3 =


Innate Abilities, Weirdness & Mutations

You are a hulking beast.
Your limbs bulge with bestial killing power. (Slay +0)
You cannot be hasted, slowed, berserked, paralysed or teleported.
You can dig through walls and to a lower floor.
You have a pair of large antennae on your head. (SInv)
Your four strong arms can wield two-handed weapons with a shield.


Message History

You now have 3 escape cards and 6 destruction cards.
p - a scroll labelled BEBYIR KOY You open the door.
An orc and an orc priest come into view.
The orc priest invokes the aid of Beogh against you.
Beogh smites you!
Found a white marble altar of Elyvilon and a bloodstained altar of Trog.
Fire: a) +0 shortbow
Press: ? - help, Q - select action, (/) - cycle Shift-Dir - straight line, f - orc
Aim: an orc, wielding a +0 club (wandering, hasn't noticed you, 64% to hit)
You shoot an arrow. The arrow completely misses the orc.
The arrow hits the orc priest but does no damage.
You hear a shout!
b - a +0 short sword (weapon)
The orc priest invokes the aid of Beogh against you.
Beogh smites you!
An orc comes into view. It is wielding a +0 club.
You closely miss the orc. The orc hits you with a +0 club.
You closely miss the orc. The orc hits you but does no damage.
The orc priest mumbles some strange prayers to Beogh against you.
Beogh smites you!
You hit the orc.
The orc is heavily wounded.
The orc hits you with a +0 club.
* * * LOW HITPOINT WARNING * * *
You draw a card...
You have drawn the Cloud.
Clouds appear around you! The orc hits you with a +0 club.
* * * LOW HITPOINT WARNING * * *
You draw a card...
You have drawn Pain.
Press: ? - help, Shift-Dir - straight line, f/p - orc
Aim: an orc, wielding a +0 club (black smoke, heavily wounded)
The orc convulses!
The orc hits you but does no damage.
You draw a card...
You have drawn Pain.
Press: ? - help, Shift-Dir - straight line, f/p - orc
Aim: an orc, wielding a +0 club (black smoke, heavily wounded)
The orc hits you with a +0 club.
You die...
Your body disappears without a glow.

..#..##.###.P. #._.
# #.........P. #§§o
..#..##<####P. #≈≈§
............P.
.§§###........#.##PP
_.#.#####.##.#.#
,o#§# ##....#.#
...####o§#
#.......##
.....§§h§#
#........#
.....§§#§#
#.>....#.##
########.#
#.........## #.#
#.....##†##♣
#.####..... ♣~~♣#
#....#.....#~♣♣~♣
####.#######~ #♣~
##########.####
#♣#♣~~
#.............#
###♣~♣~


You could see 2 orcs.

Vanquished Creatures
  2 hounds (D:3)
  2 adders
  2 orcs (D:3)
  5 ball pythons
  6 endoplasms
  9 goblins
  4 hobgoblins
  4 jackals (D:3)
  3 quokkas (D:1)
  8 bats
  3 frilled lizards
  9 kobolds
  7 rats
64 creatures vanquished.

Notes
Turn   | Place    | Note
-------+----------+-------------------------------------------
     0 | D:1      | Arcadio the Formicid Hunter began the quest for the Orb.
     0 | D:1      | Reached XP level 1. HP: 16/16 MP: 1/1
   212 | D:1      | Reached XP level 2. HP: 23/23 MP: 2/2
   511 | D:1      | Reached XP level 3. HP: 28/28 MP: 3/3
  1080 | D:2      | Reached skill level 1 in Armour
  1142 | D:2      | Reached XP level 4. HP: 35/35 MP: 4/4
  1762 | D:3      | Found Mutifaot's Jewellery Emporium.
  1866 | D:3      | Reached XP level 5. HP: 24/41 MP: 5/5
  2021 | D:3      | Noticed an ice beast
  2177 | D:3      | Found a faded altar of an unknown god.
  2183 | D:3      | Prayed at the altar of an unknown god.
  2183 | D:3      | Became a worshipper of Nemelex Xobeh the Trickster
  2183 | D:3      | Reached * piety under Nemelex Xobeh
  2282 | D:3      | Received a gift from Nemelex Xobeh
  2287 | D:3      | Found a white marble altar of Elyvilon.
  2287 | D:3      | Found a bloodstained altar of Trog.
  2293 | D:3      | HP: 1/42 [orc/+0 club (5)]
  2295 | D:3      | Slain by an orc

Illustrated notes

Levels and vault maps discovered:
D:1:      psy_arrival_conway, layout_loops_ring, moated_statue
D:2:      layout_basic, minmay_misc_feat_tiny, solitary_fountain
D:3:      layout_basic, mainiacjoe_overflow_divided_tiny, serial_shops,
          nicolae_shop_hallway_plus, ebering_ecumenical_altar_webs,
          minmay_tree_intersection, grunt_decor_resistance, chequers_big_river,
          minmay_hedge_maze, saegor_snake_ambush

Skill      XL: |  1  2  3  4  5 |
---------------+----------------+-----
Dodging        | 2 |  2.2
Fighting       | 3 |  3.9
Armour         | 1 2 |  2.2
Ranged Weapons | |  4.9
Stealth        | |  1.2

Action                     |  1- 3 |  4- 6 || total
---------------------------+-------+-------++-------
  Melee: Short sword       |    22 |    74 ||    96
   Fire: Shortbow          |    75 |    57 ||   132
 Invoke: Draw Destruction  |       |     2 ||     2
         Draw Escape       |       |     1 ||     1
Ability: Dig               |     1 |       ||     1
    Use: Scroll            |     3 |     1 ||     4
 Armour: Leather armour    |    16 |    27 ||    43
  Dodge: Dodged            |    28 |    74 ||   102
   Form: Beast             |     1 |       ||     1

Table legend: (Time is in decaauts)
 A = Elapsed time spent in this place.
 B = Non-inter-level travel time spent in this place.
 C = Inter-level travel time spent in this place.
 D = Time resting spent in this place.
 E = Time spent auto-exploring this place.
 F = Levels seen in this place.
 G = Mean time per level.
                   A        B        C        D        E       F      G
               +--------+--------+--------+--------+--------+-----+--------+
         Total |   2330 |   2275 |     55 |      0 |   1667 |   3 |  776.7 |
       Dungeon |   2330 |   2275 |     55 |      0 |   1667 |   3 |  776.7 |
               +--------+--------+--------+--------+--------+-----+--------+

Top non-repeatable levels by time:
     D:2: 846 daAuts
     D:1: 752 daAuts
     D:3: 731 daAuts
